 Dungeon Crawl Stone Soup version 0.24.0-1-gfbc8707122 (webtiles) character file.

Game seed: 6346478689074725859, levelgen mode: deterministic

476 stripedtigrrr the Archer (level 6, 0/52 HPs)
             Began as a Centaur Hunter on Oct 27, 2019.
             Killed by divine providence
             ... invoked by an orc priest
              (12 damage)
             ... on level 4 of the Dungeon.
             The game lasted 00:22:16 (3834 turns).

stripedtigrrr the Archer (Centaur Hunter)           Turns: 3834, Time: 00:22:18

Health: 0/52       AC:  9    Str: 15    XL:     6   Next: 84%
Magic:  7/7        EV:  8    Int: 10    God:
Gold:   219        SH:  0    Dex: 11    Spells: 5/5 levels left

rFire    . . .     SeeInvis .   m - +2 short sword (drain)
rCold    . . .     Gourm    .   (no shield)
rNeg     . . .     Faith    .   t - +0 chain mail
rPois    .         Spirit   .   g - +0 helmet
rElec    .         Reflect  .   u - +0 cloak
rCorr    .         Harm     .   (no gloves)
MR       .....                  (no barding)
Stlth    ..........             (no amulet)
HPRegen  0.17/turn              l - +4 ring of evasion
MPRegen  0.10/turn              (no ring)

@: very quick
A: large, hooves 3, deformed body, speed 2, tough skin 3
a: no special abilities


You were on level 4 of the Dungeon.
You were not hungry.

You visited 1 branch of the dungeon, and saw 4 of its levels.
You also visited: Sewer.

You collected 219 gold pieces.

Inventory:

Hand Weapons
 a - a +1 shortbow
 m - a +2 short sword of draining (weapon)
 v - a +0 hunting sling
Missiles
 d - 43 arrows
 h - 12 bolts
 o - 109 stones (quivered)
Armour
 g - a +0 helmet (worn)
 t - a +0 chain mail (worn)
 u - a +0 cloak (worn)
Jewellery
 l - a +4 ring of evasion (left hand)
Wands
 q - a wand of flame (16)
Scrolls
 c - a scroll of enchant weapon {unknown}
 e - 2 scrolls of remove curse
 i - a scroll of fog
 j - 7 scrolls of identify
 r - a scroll of magic mapping {unknown}
 w - a scroll of teleportation {unknown}
Potions
 b - 3 potions of curing {unknown}
 k - a potion of berserk rage
 n - a potion of brilliance {unknown}
Miscellaneous
 p - a sack of spiders
Comestibles
 f - 10 rations
 s - 5 chunks of flesh


   Skills:
 * Level 4.0 Fighting
 + Level 8.0 Bows
 + Level 1.1 Armour
 + Level 1.5 Dodging
 - Level 0.4 Stealth
 * Level 2.3 Unarmed Combat
 * Level 2.0 Evocations


You had 5 spell levels left.
You didn't know any spells.
Your spell library was empty.

Dungeon Overview and Level Annotations

Branches:
Dungeon (4/15)              Sewer (visited)
 Temple: D:4-7

Altars:


Innate Abilities, Weirdness & Mutations

You have hooves in place of feet.
Armour fits poorly on your strangely shaped body.
You cover ground very quickly.
You have extremely tough skin. (AC +3)


Message History

Beogh smites you!
The orc wizard gestures at you while chanting.
The puff of flame hits you!
You hit the orc wizard. You kick the orc wizard.
The orc wizard is moderately wounded.
The orc priest looks braver for a moment.
The orc wizard hits you with a +0 dagger.
You barely miss the orc wizard. Your kick misses the orc wizard.
The orc wizard is moderately wounded.
The orc priest mumbles some strange prayers to Beogh against you.
Pain shoots through your body!
* * * LOW HITPOINT WARNING * * *
The orc wizard closely misses you.
You hit the orc priest but do no damage.
You drain the orc priest.
You kick the orc priest, but do no damage.
The orc priest is heavily wounded.
The orc priest mumbles some strange prayers to Beogh against you.
Beogh smites you!
You die...

#########
###.##..#.#####
#<........
##...#..........
..#######.#
##..##..#..####..
.## ..
#..##..##..# #.#
.# #.
##.##.......# #.#
.# #.#
#.(.....###.. #.#
.# #..###.......#
#### ..# ##
######...o.....(.#
..#
#...(.(.(o@......#
.##
..####Z####......#
... .......# .....
.......# #((...
#......# #...(.
###...# #.....
##(( #.o... #.


You could see an orc priest, an orc wizard and an adder skeleton.

Vanquished Creatures
  Purgy (Sewer)
  An ogre (D:4)
  A hound (D:4)
  2 orc priests (D:4)
  A centaur skeleton (D:4)
  Ijyb (D:3)
  A worker ant (D:2)
  3 adders
  An ooze (D:3)
  4 worms
  2 dart slugs
  2 leopard geckos
  3 orcs (D:4)
  2 giant cockroaches
  7 hobgoblins
  6 jackals (D:3)
  3 quokkas
  2 ball pythons (D:3)
  11 bats
  5 frilled lizards
  4 goblins
  5 kobolds
  A leopard gecko skeleton (D:4)
  A quokka skeleton (D:4)
  12 rats
82 creatures vanquished.

Notes
Turn   | Place    | Note
-------+----------+-------------------------------------------
     0 | D:1      | stripedtigrrr the Centaur Hunter began the quest for the
                  | Orb.
     0 | D:1      | Reached XP level 1. HP: 17/17 MP: 1/1
   305 | D:1      | Reached XP level 2. HP: 24/24 MP: 2/2
   685 | D:1      | Reached skill level 6 in Bows
  1089 | D:2      | Reached XP level 3. HP: 29/29 MP: 3/3
  1279 | D:2      | Reached skill level 1 in Unarmed Combat
  1390 | D:2      | Reached XP level 4. HP: 3/37 MP: 4/4
  1395 | D:2      | HP: 2/55 [poisoned by a worker ant]
  2162 | D:3      | Found a glowing drain.
  2203 | Sewer    | Entered a sewer
  2273 | Sewer    | Noticed Purgy
  2310 | Sewer    | Killed Purgy
  2310 | Sewer    | Reached skill level 7 in Bows
  2310 | Sewer    | Reached skill level 1 in Armour
  2310 | Sewer    | Reached XP level 5. HP: 17/45 MP: 5/5
  2722 | D:3      | Noticed Ijyb
  2739 | D:3      | Killed Ijyb
  3601 | D:4      | Reached XP level 6. HP: 49/51 MP: 6/6
  3604 | D:4      | Reached skill level 1 in Evocations
  3639 | D:4      | Reached skill level 8 in Bows
  3834 | D:4      | Killed from afar by an orc priest

Levels and vault maps discovered:
D:1:      psy_arrival_terrarium, layout_basic
D:2:      kb_forest_paths, layout_basic, minmay_pentomino_r4
D:3:      layout_loops_corners, first_ration, cheibrodos_sewer_entry_sluice,
          minivault_4, uniq_ijyb
D:4:      layout_rooms

Skill      XL: |  1  2  3  4  5  6 |
---------------+-------------------+-----
Bows           | 6 7 8 |  8.0
Unarmed Combat | 1 2 |  2.3
Fighting       | 3 4 |  4.0
Armour         | 1 |  1.1
Evocations     | 2 |  2.0
Dodging        | |  1.5
Stealth        | |  0.4

Action                   |  1- 3 |  4- 6 || total
-------------------------+-------+-------++-------
Melee: Shortbow          |     7 |       ||     7
       Kick              |     1 |     6 ||     7
       Short sword       |       |    24 ||    24
 Fire: Shortbow          |    95 |   187 ||   282
Throw: Stone             |     1 |       ||     1
  Use: Potion            |     3 |     4 ||     7
       Scroll            |       |     3 ||     3
  Eat: Chunk             |       |     3 ||     3
       Ration            |       |     1 ||     1
Armor: Leather armour    |    12 |     1 ||    13
       Chain mail        |       |    75 ||    75
Dodge: Dodged            |    13 |    50 ||    63
